 Dungeon Crawl Stone Soup version 0.28.0-45-g0d030f2227 (webtiles) character file.

Game seed: 9607683791717696056

1325 Ablot the Grasshopper (level 8, -3/58 (64) HPs)
             Began as a Gnoll Warper on Apr 5, 2022.
             Was a Plaything of Xom.
             Slain by a necrophage (6 damage)
             ... on level 6 of the Dungeon.
             The game lasted 00:10:47 (8343 turns).

Ablot the Grasshopper (Gnoll Warper)                Turns: 8343, Time: 00:10:47

HP:   -3/58 (64)    AC:  4    Str: 12    XL:     8   Next: 60%
MP:   17/17         EV: 13    Int: 13    God:    Xom [..*...]
Gold: 208           SH:  0    Dex: 12    Spells: 17/19 levels left

rFire   . . .      SeeInvis .   B - +3 quarterstaff (chaos)
rCold   . . .      Faith    .   (shield currently unavailable)
rNeg    . . .      Spirit   .   b - +0 leather armour
rPois   .          Reflect  .   (no helmet)
rElec   .          Harm     .   C - +0 cloak
rCorr   .          Rampage  .   (no gloves)
Will    .....                   (no boots)
Stlth   ++........              (no amulet)
HPRegen 0.19/turn               (no ring)
MPRegen 0.15/turn               (no ring)

@: drained
A: fangs 1, strong nose, distributed training
a: Renounce Religion


You were on level 6 of the Dungeon.
You worshipped Xom.
You were a toy of Xom.
You visited 1 branch of the dungeon, and saw 6 of its levels.

You collected 208 gold pieces.

Inventory:

Hand Weapons
 a - a +1 trident of protection
 B - a +3 quarterstaff of chaos (weapon)
Missiles
 d - 5 boomerangs of dispersal
 f - 126 stones
 g - 13 poisoned darts
 n - 56 sling bullets
 o - 4 atropa-tipped darts
 q - 49 bolts
 z - 27 arrows
 A - 5 javelins (quivered)
Armour
 b - a +0 leather armour (worn)
 t - an orb of light
 C - a +0 cloak (worn)
Wands
 r - a wand of acid (7)
Scrolls
 c - 4 scrolls of blinking
 h - 3 scrolls of identify {unknown}
 i - a scroll of silence {unknown}
 k - 2 scrolls of acquirement {unknown}
 l - 2 scrolls of immolation {unknown}
 p - 3 scrolls of fear {unknown}
 x - a scroll of magic mapping {unknown}
 y - a scroll of fog {unknown}
Potions
 e - a potion of invisibility {unknown}
 j - a potion of lignification {unknown}
 m - a potion of mutation {unknown}
 s - a potion of heal wounds {unknown}
 v - a potion of resistance {unknown}
 w - a potion of brilliance {unknown}


   Skills:
 + Level 5.8 Fighting
 + Level 3.4 Short Blades
 + Level 3.4 Long Blades
 + Level 3.4 Axes
 + Level 3.4 Maces & Flails
 + Level 5.8 Polearms
 + Level 3.4 Staves
 + Level 3.4 Slings
 + Level 3.4 Bows
 + Level 3.4 Crossbows
 + Level 4.3 Throwing
 + Level 4.3 Armour
 + Level 5.8 Dodging
 + Level 3.4 Stealth
 + Level 3.4 Shields
 + Level 3.4 Unarmed Combat
 + Level 6.1 Spellcasting
 + Level 2.8 Conjurations
 + Level 2.8 Hexes
 + Level 2.8 Summonings
 + Level 2.8 Necromancy
 + Level 6.2 Translocations
 + Level 2.8 Transmutations
 + Level 2.8 Fire Magic
 + Level 2.8 Ice Magic
 + Level 2.8 Air Magic
 + Level 2.8 Earth Magic
 + Level 2.8 Poison Magic
 + Level 3.7 Invocations
 + Level 3.4 Evocations


You had 17 spell levels left.
You knew the following spells:

 Your Spells              Type           Power      Damage    Failure   Level
a - Blink                 Tloc           40%        N/A       2%          2

Your spell library contained the following spells:

 Spells                   Type           Power      Damage    Failure   Level
 Gell's Gravitas          Tloc           20%        N/A       4%          3
 Lesser Beckoning         Tloc           20%        N/A       4%          3
 Teleport Other           Tloc           20%        N/A       4%          3
 Foxfire                  Conj/Fire      44%        2x1d6     7%          1
 Conjure Flame            Conj/Fire      11%        6-21      21%         3
 Frozen Ramparts          Ice            22%        1d4       21%         3
 Ignite Poison            Fire/Tmut/Pois 11%        N/A       21%         3
 Inner Flame              Hex/Fire       11%        N/A       21%         3
 Manifold Assault         Tloc           20%        N/A       43%         5
 Flame Wave               Conj/Fire      11%        2d5       54%         4
 Ice Form                 Ice/Tmut       11%        N/A       54%         4
 Sticky Flame             Conj/Fire      11%        2d3       54%         4
 Summon Ice Beast         Ice/Summ       11%        N/A       54%         4


Dungeon Overview and Level Annotations

Branches:
Dungeon (6/15)
 Temple: D:4-7

Altars:
Gozag
Hepliaklqana
Kikubaaqudgha
Okawaru
Xom
Zin
The Shining One

Annotations:
D:5 2 transporters, DearestLeader's ghost, novice GnFi


Innate Abilities, Weirdness & Mutations

You have very sharp teeth.
Your uncanny sense of smell can sniff out nearby items.
Your experience applies equally to all skills.


Message History

You thump something! Something hits you but does no damage. Something hits you.
You closely miss something. Your bite misses something. Something hits you.
* * * LOW HITPOINT WARNING * * *
You feel drained.
* * * LOW HITPOINT WARNING * * *
Things that are here:
a grey potion; an adder corpse Something hits you but does no damage.
There is an open door here.
There is a stone staircase leading up here.
Really walk into that cloud of foul pestilence?
Okay, then.
Hit: B) +3 quarterstaff (chaos)
Press: ? - help, Dir - move target You barely miss something.
Your bite misses something. Something hits you.
* * * LOW HITPOINT WARNING * * *
Unknown command.
Hit: B) +3 quarterstaff (chaos)
Press: ? - help, Dir - move target You barely miss something.
Something hits you.
* * * LOW HITPOINT WARNING * * *
Unknown command.
Hit: B) +3 quarterstaff (chaos)
Press: ? - help, Dir - move target You barely miss something.
Your trail of clouds dissipates.
Something hits you.
* * * LOW HITPOINT WARNING * * *
Unknown command.
Hit: B) +3 quarterstaff (chaos)
Press: ? - help, Dir - move target You hit something.
You burn something. Your bite misses something.
A necrophage appears from thin air!
Reactivating autopickup.
The necrophage hits you.
* * * LOW HITPOINT WARNING * * *
You hit the necrophage but do no damage.
The necrophage is heavily damaged.
The necrophage hits you.
You die...

### #.# #.# ∆∆
#@# #n#
######'##
######.......#
#...../......#
#............#
#.......###+##
#.......#
+.......+


You could see a necrophage.

Vanquished Creatures
  The ghost of MrOwl the Cudgeller, an amateur GrFi of the Shining One (D:3)
  An orc warrior (D:4)
  An ice beast (D:5)
  3 ogres
  A necrophage (D:3)
  A phantom (D:5)
  A howler monkey (D:4)
  A jelly (D:4)
  A bullfrog skeleton (D:5)
  Crazy Yiuf (D:2)
  A gnoll shaman (D:5)
  A scorpion zombie (D:5)
  2 orc wizards
  7 gnolls
  13 adders
  A white imp (D:5)
  An adder skeleton (D:4)
  A worm (D:2)
  5 dart slugs
  11 orcs
  10 ball pythons
  5 bats
  9 endoplasms
  5 giant cockroaches
  6 goblins
  6 hobgoblins
  15 jackals
  2 quokkas (D:1)
  7 frilled lizards
  8 kobolds
  4 rats
132 creatures vanquished.

Notes
Turn   | Place    | Note
-------+----------+-------------------------------------------
     0 | D:1      | Ablot the Gnoll Warper began the quest for the Orb.
     0 | D:1      | Reached XP level 1. HP: 20/20 MP: 6/6
   126 | D:1      | Reached XP level 2. HP: 23/26 MP: 7/7
   160 | D:1      | Learned a level 2 spell: Blink
   322 | D:1      | Found a faded altar of an unknown god.
   341 | D:1      | Reached XP level 3. HP: 26/31 MP: 9/9
   405 | D:1      | Reached skill level 5 in Spellcasting
   913 | D:1      | Reached skill level 1 in Invocations
  1181 | D:1      | HP: 1/31 [gnoll/+0 flail (5)]
  1486 | D:2      | Reached skill level 1 in Short Blades
  1486 | D:2      | Reached skill level 1 in Long Blades
  1486 | D:2      | Reached skill level 1 in Axes
  1486 | D:2      | Reached skill level 1 in Maces & Flails
  1486 | D:2      | Reached skill level 1 in Staves
  1486 | D:2      | Reached skill level 1 in Slings
  1486 | D:2      | Reached skill level 1 in Bows
  1486 | D:2      | Reached skill level 1 in Crossbows
  1486 | D:2      | Reached skill level 1 in Stealth
  1486 | D:2      | Reached skill level 1 in Shields
  1486 | D:2      | Reached skill level 1 in Unarmed Combat
  1486 | D:2      | Reached skill level 1 in Evocations
  1486 | D:2      | Reached XP level 4. HP: 19/38 MP: 11/11
  2730 | D:2      | Reached skill level 1 in Conjurations
  2730 | D:2      | Reached skill level 1 in Hexes
  2730 | D:2      | Reached skill level 1 in Summonings
  2730 | D:2      | Reached skill level 1 in Necromancy
  2730 | D:2      | Reached skill level 1 in Transmutations
  2730 | D:2      | Reached skill level 1 in Fire Magic
  2730 | D:2      | Reached skill level 1 in Ice Magic
  2730 | D:2      | Reached skill level 1 in Air Magic
  2730 | D:2      | Reached skill level 1 in Earth Magic
  2730 | D:2      | Reached skill level 1 in Poison Magic
  3246 | D:2      | Reached XP level 5. HP: 43/43 MP: 12/12
  3490 | D:2      | Found a runed translucent door.
  3491 | D:2      | Noticed Crazy Yiuf
  3895 | D:3      | Found a runed translucent door.
  4272 | D:3      | Found a hazy altar of Hepliaklqana.
  4373 | D:3      | Noticed a necrophage
  4389 | D:3      | Killed a necrophage
  4390 | D:3      | Reached XP level 6. HP: 40/50 MP: 13/13
  4828 | D:3      | Noticed MrOwl's ghost (amateur GrFi)
  5191 | D:4      | Reached skill level 5 in Fighting
  5191 | D:4      | Reached skill level 5 in Polearms
  5191 | D:4      | Reached skill level 5 in Dodging
  5307 | D:4      | Reached XP level 7. HP: 22/56 MP: 11/15
  6208 | D:5      | Entered Level 5 of the Dungeon
  6974 | D:5      | Noticed DearestLeader's ghost (novice GnFi)
  6975 | D:5      | Found a transporter.
  7062 | D:5      | Found a transporter.
  7207 | D:5      | Reached XP level 8. HP: 41/63 MP: 16/16
  7658 | D:5      | Found an ancient bone altar of Kikubaaqudgha.
  7659 | D:5      | Found an opulent altar of Gozag.
  7659 | D:5      | Found an iron altar of Okawaru.
  7659 | D:5      | Found a glowing silver altar of Zin.
  7681 | D:5      | Found a glowing golden altar of the Shining One.
  7681 | D:5      | Found a shimmering altar of Xom.
  7827 | D:2      | Killed Crazy Yiuf
  8121 | D:5      | Became a worshipper of Xom of Chaos
  8163 | D:4      | XOM: divination: detect creatures
  8225 | D:3      | XOM: silly message
  8230 | D:3      | Killed MrOwl's ghost
  8276 | D:5      | XOM: cloud trail
  8343 | D:6      | Slain by a necrophage

Illustrated notes

Levels and vault maps discovered:
D:1:      grunt_arrival_crossed_arrows, layout_rooms,
          hellmonk_ecumenical_altar_pennies_from_heaven, minmay_lizard_pond
D:2:      layout_loops_ring, uniq_crazy_yiuf_cottage
D:3:      minmay_diamond_boxcup, layout_basic, pf_just_have_faith,
          ebering_ghost_sewer_d
D:4:      layout_basic, enter_ossuary_2, mrwooster_statue_mirror,
          minmay_misc_feat_tower
D:5:      layout_loops_ring, minmay_overflow_temple_hex,
          gammafunk_ghost_stat_death
D:6:      layout_basic, amcnicky_altar_gilded, mainiacjoe_overflow_alcove_4,
          minmay_temple_entry_antechambers, serial_shops, shop

Skill      XL: |  1  2  3  4  5  6  7  8 |
---------------+-------------------------+-----
Spellcasting   | 5 6 |  6.1
Invocations    | 1 2 3 |  3.7
Short Blades   | 1 2 3 |  3.4
Long Blades    | 1 2 3 |  3.4
Axes           | 1 2 3 |  3.4
Maces & Flails | 1 2 3 |  3.4
Staves         | 1 2 3 |  3.4
Slings         | 1 2 3 |  3.4
Bows           | 1 2 3 |  3.4
Crossbows      | 1 2 3 |  3.4
Stealth        | 1 2 3 |  3.4
Shields        | 1 2 3 |  3.4
Unarmed Combat | 1 2 3 |  3.4
Evocations     | 1 2 3 |  3.4
Conjurations   | 1 2 |  2.8
Hexes          | 1 2 |  2.8
Summonings     | 1 2 |  2.8
Necromancy     | 1 2 |  2.8
Transmutations | 1 2 |  2.8
Fire Magic     | 1 2 |  2.8
Ice Magic      | 1 2 |  2.8
Air Magic      | 1 2 |  2.8
Earth Magic    | 1 2 |  2.8
Poison Magic   | 1 2 |  2.8
Throwing       | 3 4 |  4.3
Armour         | 3 4 |  4.3
Fighting       | 5 |  5.8
Polearms       | 5 |  5.8
Dodging        | 5 |  5.8
Translocations | 6 |  6.2

Action                   |  1- 3 |  4- 6 |  7- 9 || total
-------------------------+-------+-------+-------++-------
Melee: Spear             |   167 |   147 |       ||   314
       Bite              |    11 |    28 |    20 ||    59
       Punch             |     2 |     2 |     3 ||     7
       Trident           |       |   177 |   130 ||   307
       Quarterstaff      |       |       |    29 ||    29
Throw: Dart              |       |     4 |     4 ||     8
       Javelin           |       |       |     5 ||     5
 Cast: Blink             |       |     1 |     3 ||     4
 Stab: Sleeping          |       |     7 |     3 ||    10
Armor: Leather armour    |    35 |    68 |    46 ||   149
Dodge: Dodged            |   103 |   220 |    83 ||   406
